 Dungeon Crawl Stone Soup version 0.31-a0-220-gc2f4f3cf83 (webtiles) character file.

Game seed: 13669879744703070849

168 qw the Shooter (level 5, -5/42 HPs)
             Began as a Minotaur Hexslinger on July 3, 2023.
             Slain by a black bear (7 damage)
             ... on level 4 of the Dungeon.
             The game lasted 00:00:46 (2852 turns).

qw the Shooter (Minotaur Hexslinger)                Turns: 2852, Time: 00:00:47

Health: -5/42      AC:  6    Str: 12    XL:     5   Next: 24%
Magic:  5/5        EV: 11    Int: 10    God:
Gold:   270        SH:  0    Dex: 15    Spells: 5/6 levels left

rFire   . . .        f - +0 orcbow
rCold   . . .        (shield currently unavailable)
rNeg    . . .        d - +0 ring mail
rPois   .            (helmet restricted)
rElec   .            (no cloak)
rCorr   .            (no gloves)
SInv    .            i - +0 pair of boots
Will    .....        (no amulet)
Stlth   +            (no ring)
HPRegen 0.27/turn    (no ring)
MPRegen 0.09/turn

%: no passive effects
@: about to teleport
A: horns 2, retaliatory headbutt
a: no special abilities


You were on level 4 of the Dungeon.
You visited 1 branch of the dungeon, and saw 4 of its levels.

You collected 270 gold pieces.


Innate Abilities, Weirdness & Mutations

You have a pair of horns on your head.
You reflexively headbutt those who attack you in melee.


   Skills:
 + Level 2.4 Fighting
 - Level 5.0 Ranged Weapons
 - Level 2.7 Armour
 - Level 2.1 Dodging
 - Level 1.0 Spellcasting
 - Level 2.0 Hexes


You had 5 spell levels left.
You knew the following spells:

 Your Spells              Type           Power      Damage    Failure   Level
a - Slow                  Hex            16%        N/A       32%         1

Your spell library contained the following spells:

 Spells                   Type           Power      Damage    Failure   Level
 Inner Flame              Hex/Fire       2%         N/A       83%         3
 Portal Projectile        Hex/Tloc       4%         N/A       83%         3
 Cause Fear               Hex            2%         N/A       97%         4

Inventory:

Hand Weapons
 f - a +0 orcbow (weapon)
Armour
 d - a +0 ring mail (worn)
 i - a +0 pair of boots (worn)
Scrolls
 e - 2 scrolls of identify
Potions
 g - a potion of curing

Dungeon Overview and Level Annotations

Branches:
Dungeon (4/15)
 Temple: D:4-7

Altars:


Message History

You furiously retaliate!
You headbutt the black bear, but do no damage.
The black bear claws you but does no damage.
The black bear barely misses you.
You shoot an arrow. The arrow hits the black bear.
The black bear is severely wounded.
The black bear bites you but does no damage.
The black bear closely misses you. The black bear claws you.
You shoot an arrow. The arrow hits the black bear.
The black bear is severely wounded.
The black bear goes berserk!
The black bear bites you.
The black bear claws you but does no damage.
The black bear claws you.
You shoot an arrow. The arrow barely misses the black bear.
The black bear bites you. The black bear completely misses you.
The black bear claws you but does no damage.
The black bear bites you! The black bear misses you.
The black bear claws you but does no damage.
You shoot an arrow.
The arrow closely misses the black bear.
The black bear misses you. The black bear claws you. The black bear misses you.
The black bear bites you.
The black bear claws you but does no damage.
The black bear closely misses you.
You shoot an arrow. The arrow barely misses the black bear.
The black bear barely misses you. You furiously retaliate!
You headbutt the black bear. The black bear claws you.
The black bear claws you but does no damage.
The black bear misses you. x2; The black bear claws you.
2851 ||| READING scroll of teleportation.
As you read the scroll of teleportation, it crumbles to dust.
You feel strangely unstable. The black bear bites you.
The black bear misses you. The black bear barely misses you.
You shoot an arrow.
The arrow completely misses the black bear.
The black bear closely misses you.
The black bear claws you but does no damage.
The black bear closely misses you. The black bear bites you!
You die...

### #.# ##
##.# ...###.$#
#......######
#..........##
...
#...h@......>
..#
#...##........
...###..
#........
#.....
##.)......
#.....
##..###...#
#...# ##..##
...#
##...###..##
.##
###...<....##
# #.........##


You could see a black bear (berserk).

Vanquished Creatures
  A scorpion (D:3)
  An iguana (D:3)
  An adder (D:3)
  A shadow imp (D:3)
  A worm (D:3)
  4 dart slugs
  5 orcs (D:3)
  7 endoplasms
  2 giant cockroaches (D:2)
  8 goblins
  4 hobgoblins
  2 jackals (D:1)
  2 ball pythons
  2 bats (D:1)
  3 frilled lizards
  4 kobolds
  4 rats
52 creatures vanquished.

Notes
Turn   | Place    | Note
-------+----------+-------------------------------------------
     0 | D:1      | qw the Minotaur Hexslinger began the quest for the Orb.
     0 | D:1      | Reached XP level 1. HP: 16/16 MP: 1/1
     0 | D:1      | 0 ||| qw: Version: 0.3-a-40-ge99b1a8
     0 | D:1      | 0 ||| qw: Game counter: 473
     0 | D:1      | 0 ||| qw: Melee chars always use a shield: true
     0 | D:1      | 0 ||| qw: God list: Okawaru
     0 | D:1      | 0 ||| qw: Allow faded altars: false
     0 | D:1      | 0 ||| qw: Do Orc after clearing Dungeon:15 true
     0 | D:1      | 0 ||| qw: Do second Lair branch before Depths: true
     0 | D:1      | 0 ||| qw: Lair rune preference: random
     0 | D:1      | 0 ||| qw: Goals: Normal
     0 | D:1      | 0 ||| PLANNING D:1-11
   173 | D:1      | Reached skill level 3 in Ranged Weapons
   173 | D:1      | Reached XP level 2. HP: 23/23 MP: 2/2
   618 | D:1      | Found a faded altar of an unknown god.
   861 | D:1      | Reached XP level 3. HP: 29/29 MP: 3/3
  1139 | D:1      | 1139 ||| UPGRADING to +0 pair of boots.
  1144 | D:1      | 1144 ||| READING scroll labelled DUANEU KEMAMU.
  1145 | D:1      | 1145 ||| READING 2 scrolls labelled NISIUMPEGRA.
  1146 | D:1      | 1146 ||| READING scroll labelled ZAIRGH ZOK HACH.
  1147 | D:1      | 1147 ||| READING scroll labelled EPOUQADGHUEMA.
  1148 | D:1      | 1148 ||| DROPPING scroll of poison.
  2095 | D:2      | 2095 ||| READING 2 scrolls labelled YSTRUT FEFOK.
  2099 | D:2      | 2099 ||| READING scroll labelled QIMUXZ NOSEANGIP.
  2100 | D:2      | 2100 ||| READING scroll labelled GILUCW SIJAY.
  2101 | D:2      | 2101 ||| READING 5 scrolls of identify.
  2101 | D:2      | 2101 ||| IDENTIFYING black potion
  2102 | D:2      | 2102 ||| READING 4 scrolls of identify.
  2102 | D:2      | 2102 ||| IDENTIFYING sedimented golden potion
  2103 | D:2      | 2103 ||| DROPPING potion of degeneration.
  2104 | D:2      | 2104 ||| DROPPING potion of brilliance.
  2182 | D:3      | Reached skill level 4 in Ranged Weapons
  2326 | D:3      | 2326 ||| SWAPPING to +0 orcbow.
  2327 | D:3      | 2327 ||| DROPPING +1 sling of flaming.
  2393 | D:3      | Reached XP level 4. HP: 36/36 MP: 4/4
  2524 | D:3      | Reached skill level 5 in Ranged Weapons
  2703 | D:3      | 2703 ||| UPGRADING to +0 leather armour.
  2713 | D:3      | 2713 ||| DROPPING +0 robe.
  2714 | D:3      | 2714 ||| UPGRADING to +0 ring mail.
  2724 | D:3      | 2724 ||| DROPPING +0 leather armour.
  2725 | D:3      | 2725 ||| READING 3 scrolls of identify.
  2725 | D:3      | 2725 ||| IDENTIFYING metallic clear potion
  2737 | D:4      | Noticed a scorpion
  2743 | D:4      | 2743 ||| STAIRDANCE
  2746 | D:3      | Killed a scorpion
  2747 | D:3      | Reached XP level 5. HP: 28/41 MP: 5/5
  2808 | D:4      | 2808 ||| STAIRDANCE
  2840 | D:4      | Noticed a black bear
  2850 | D:4      | HP: 10/42 [black bear (3)]
  2851 | D:4      | 2851 ||| READING scroll of teleportation.
  2851 | D:4      | HP: 2/42 [black bear (6)]
  2852 | D:4      | Slain by a black bear

Levels and vault maps discovered:
D:1:      erik_arrival_cave_to_civilisation [erik_arrival_cave_to_hall],
          layout_basic, hellmonk_ecumenical_altar_pennies_from_heaven
D:2:      layout_basic
D:3:      layout_loops_ring
D:4:      layout_layer_cave, st_stairs_10, uniq_eustachio, uniq_blork_the_orc

Skill      XL: |  1  2  3  4 |
---------------+-------------+-----
Ranged Weapons | 3 4 5 |  5.0
Fighting       | 2 |  2.4
Armour         | 2 |  2.7
Dodging        | |  2.1
Spellcasting   | |  1.0
Hexes          | |  2.0

Action                     |  1- 3 |  4- 6 || total
---------------------------+-------+-------++-------
   Fire: Sling             |   112 |       ||   112
         Orcbow            |     2 |    43 ||    45
    Use: Scroll            |     9 |     2 ||    11
 Armour: Robe              |     4 |     1 ||     5
         Ring mail         |       |    18 ||    18
  Dodge: Dodged            |    21 |    36 ||    57

Table legend:
 A = Non-vault XP
 B = Vault XP
 C = Vault XP percentage of total XP
 D = Non-vault monster count
 E = Vault monster count
 F = Vault count percentage of total count
                 A         B        C        D         E       F
            +---------+---------+-------+---------+---------+-------
      Total |     219 |      22 |   9.1 |      47 |       5 |   9.6
            +---------+---------+-------+---------+---------+-------
        D:1 |      41 |       4 |   8.9 |      25 |       2 |   7.4
        D:2 |      13 |       0 |   0.0 |       6 |       0 |   0.0
        D:3 |     165 |      14 |   7.8 |      16 |       2 |  11.1
        D:4 |       0 |       4 | 100.0 |       0 |       1 | 100.0
            +---------+---------+-------+---------+---------+-------
